 Dungeon Sprint DCSS version 0.23.2-1-ga50397a6bc (webtiles) character file.

Game seed: 17888527450749802698

340 Kobolds4U the Cleaver (level 6, 0/62 HPs)
             Began as a Minotaur Berserker on May 20, 2019.
             Was a Believer of Trog.
             Slain by a hippogriff (2 damage)
             ... in the Dungeon (Sprint II: "The Violet Keep of Menkaure").
             The game lasted 00:00:54 (31 turns).

Kobolds4U the Cleaver (Minotaur Berserker)            Turns: 31, Time: 00:00:56

Health: 0/62       AC:  2    Str: 21    XL:     6   Next: 30%
Magic:  5/5        EV: 16    Int:  4    God:    Trog [**....]
Gold:   243        SH:  0    Dex: 12    Spells: 5/5 levels left

rFire    . . .     SeeInvis .   a - +0 hand axe
rCold    . . .     Gourm    .   (no shield)
rNeg     . . .     Faith    .   b - +0 animal skin
rPois    .         Spirit   .   (helmet restricted)
rElec    .         Reflect  .   (no cloak)
rCorr    .         Harm     .   (no gloves)
MR       ++...     NoTele   +   (no boots)
Stlth    +.........             (no amulet)
HPRegen  1.20/turn              (no ring)
MPRegen  0.09/turn              (no ring)

@: berserk cooldown, regenerating, slowed, very slow
A: retaliatory headbutt, horns 2
a: Berserk, Trog's Hand, Renounce Religion


You were in the Dungeon.
You worshipped Trog.
Trog was pleased with you.
You were not hungry.

You visited 1 branch You collected 243 gold pieces.

Inventory:

Hand Weapons
 a - a +0 hand axe (weapon)
Armour
 b - a +0 animal skin (worn)
Scrolls
 i - a scroll of blinking
Potions
 d - a potion of curing
 f - a potion of haste
 g - 2 potions of magic
 h - a potion of berserk rage
Comestibles
 c - a ration


   Skills:
 + Level 8.8 Fighting
 * Level 11.7 Axes
 - Level 2.4 Armour
 - Level 7.6 Dodging


You had 5 spell levels left.
You didn't know any spells.
Your spell library was empty.

Dungeon Overview and Level Annotations

Branches:
Dungeon (1/1)

Altars:

Annotations:
D exclusion: orange crystal statue, Menkaure


Innate Abilities, Weirdness & Mutations

You reflexively headbutt those who attack you in melee.
You have a pair of horns on your head.


Message History

The hippogriff pecks you but does no damage.
The hippogriff completely misses you.
You hit the hippogriff. You headbutt the hippogriff.
The hippogriff is severely wounded.
You hit Menkaure.
Menkaure calls on the powers of darkness!
Your body is wracked with pain!
The hippogriff convulses!
The hippogriff bites you.
* * * LOW HITPOINT WARNING * * *
The hippogriff pecks you!
* * * LOW HITPOINT WARNING * * *
The hippogriff claws you.
* * * LOW HITPOINT WARNING * * *
You feel much better. The hippogriff barely misses you.
The hippogriff pecks you. The hippogriff misses you. Menkaure hits you!
* * * LOW HITPOINT WARNING * * *
The hippogriff bites you!
* * * LOW HITPOINT WARNING * * *
The hippogriff pecks you.
You die...

+'§#++
.§..
##'##
##M..##
#..#..#
#
##†#†##
#.
##'##
#H##M##
#H@<.+
#.##.##
#. #+#
#


You could see 2 hippogriffs and Menkaure.

Vanquished Creatures
  4 necrophages (D)
4 creatures vanquished.

Notes
Turn   | Place    | Note
-------+----------+-------------------------------------------
     0 | D        | Kobolds4U the Minotaur Berserker began the quest for the
                  | Orb.
     0 | D        | Reached XP level 1. HP: 19/19 MP: 0/0
     1 | D        | Noticed a necrophage
     1 | D        | Noticed a necrophage
     1 | D        | Noticed a necrophage
     1 | D        | Noticed a necrophage
     4 | D        | Killed a necrophage
     4 | D        | Reached skill level 8 in Axes
     4 | D        | Reached skill level 5 in Dodging
     4 | D        | Reached XP level 2. HP: 30/30 MP: 1/1
     4 | D        | Reached XP level 3. HP: 37/37 MP: 2/2
     4 | D        | Reached XP level 4. HP: 44/44 MP: 3/3
     7 | D        | Killed a necrophage
     7 | D        | Reached skill level 9 in Axes
     7 | D        | Reached XP level 5. HP: 52/52 MP: 4/4
     8 | D        | Killed a necrophage
     8 | D        | Reached ** piety under Trog
     8 | D        | Reached skill level 10 in Axes
    11 | D        | Killed a necrophage
    11 | D        | Reached skill level 11 in Axes
    11 | D        | Reached XP level 6. HP: 62/62 MP: 5/5
    15 | D        | Noticed an orange crystal statue
    15 | D        | Noticed Menkaure
    25 | D        | Noticed a hippogriff
    25 | D        | Noticed a hippogriff
    30 | D        | HP: 2/62 [hippogriff (4)]
    31 | D        | Slain by a hippogriff

Skill      XL: |  1  2  3  4  5 |
---------------+----------------+-----
Fighting       | 6 7 8 |  8.8
Axes           | 8 9 11 | 11.7
Dodging        | 5 6 7 |  7.6
Armour         | |  2.4

Action                   |  1- 3 |  4- 6 || total
-------------------------+-------+-------++-------
Melee: Hand axe          |     1 |    11 ||    12
       Headbutt          |       |     4 ||     4
Invok: Berserk           |     1 |       ||     1
       Trog's Hand       |       |     1 ||     1
  Use: Potion            |       |     1 ||     1
Armor: Animal skin       |       |     1 ||     1
Dodge: Dodged            |     2 |    14 ||    16
